Map: World of Sleepers LE

Players

DedMazai

  • Race: Terran Terran
  • League: Master
  • Spawn Location: 1:00

Mez - Winner!

  • Race: Terran Terran
  • League: Master
  • Spawn Location: 7:00

VOD

Have the link to the VOD?

Description

Time

  • Played on: Sept. 2, 2019, 8:10 a.m.
  • Length: 8:49
Show
View Real Time Build Order
Export as new Build Order

DedMazai Terran 

Build Orders: 2 Factory 

Get SALT Encoding   

  12  0:01  SCV  
  13  0:13  SCV  
  14  0:18  Supply Depot  
  14  0:25  SCV  
  15  0:32  Refinery  
  15  0:40  SCV  
  16  0:44  Barracks  
  16  0:53  SCV  
  17  1:05  SCV  
  18  1:17  SCV  
  19  1:31  Orbital Command  
  19  1:40  Marine  
  19  1:44  Command Center  
  20  1:57  Factory  
  20  1:59  SCV  
  21  2:08  Marine  
  21  2:12  SCV  
  23  2:18  Refinery  
  22  2:24  SCV  
  23  2:31  Supply Depot  
  23  2:35  Barracks Tech Lab  
  23  2:44  Refinery  
  23  2:51  Factory  
  23  2:53  SCV, Hellion  
  23  2:57  SCV  
  27  3:02  Barracks Reactor  
  27  3:09  Orbital Command  
  27  3:21  Cyclone  
  27  3:25  SCV  
  31  3:35  SCV  
  31  3:37  SCV  
  33  3:48  Widow Mine x2, Engineering Bay  
  37  3:51  SCV x2  
  39  3:56  Cyclone  
  42  4:03  SCV  
  42  4:04  SCV  
  44  4:13  Hellion  
  46  4:23  Missile Turret  
  46  4:27  Supply Depot  
  46  4:30  Armory  
  46  4:37  SCV  
  46  4:39  SCV, Hellion  
  46  4:44  Cyclone  
  40  4:49  SCV  
  40  4:51  SCV  
  31  4:56  Hellion  
  26  5:00  Hellion  
  26  5:01  SCV  
  13  5:32  SCV x2  
  13  5:34  Cyclone  
  13  5:35  Hellion x2  
  21  5:44  SCV x2  
  23  5:56  SCV  
  24  6:07  SCV  
  25  6:17  SCV  
  26  6:21  SCV  
  27  6:29  SCV  
  28  6:33  SCV  
  21  6:55  SCV x2  
  23  7:07  SCV  
  21  7:14  Hellion  
  21  7:15  Hellion  
  25  7:18  Hellion  
  27  7:25  SCV x2  
  27  7:26  Infernal Pre-Igniter  
  26  7:52  Cyclone, Hellion x2  
  26  7:54  SCV  
  26  7:55  SCV  
  33  8:17  Hellion x2  
Show
View Real Time Build Order
Export as new Build Order

Mez Terran - Winner!

Build Orders: Gas First Reaper Expand, Hellion Opening 

Get SALT Encoding   

  12  0:00  SCV  
  13  0:13  SCV  
  14  0:16  Supply Depot  
  14  0:25  Refinery  
  14  0:27  SCV  
  15  0:39  SCV  
  16  0:46  Barracks  
  16  0:51  SCV  
  18  1:04  SCV  
  18  1:17  SCV  
  19  1:35  Orbital Command, Reaper  
  20  1:50  Command Center  
  20  1:59  Factory  
  20  2:02  SCV  
  20  2:07  Barracks Reactor  
  21  2:21  SCV  
  21  2:22  Supply Depot  
  22  2:28  Refinery  
  22  2:33  SCV  
  23  2:50  Hellion x2  
  27  2:51  Starport, Barracks Tech Lab  
  27  2:54  SCV  
  28  3:02  Orbital Command  
  28  3:11  Marauder  
  30  3:17  Hellion  
  30  3:18  Hellion  
  34  3:23  Concussive Shells  
  34  3:31  Medivac  
  36  3:35  Marauder  
  40  3:44  Hellion x2  
  40  3:46  SCV x2  
  44  3:51  Supply Depot  
  44  4:00  SCV  
  44  4:01  SCV  
  46  4:13  SCV x2  
  48  4:17  Raven  
  48  4:20  Factory Reactor  
  48  4:23  Supply Depot  
  50  4:25  SCV x2  
  44  4:54  SCV x2  
  44  4:58  Marine x2  
  48  5:06  SCV x2  
  49  5:12  Command Center  
  49  5:14  Barracks  
  49  5:15  Barracks  
  49  5:18  SCV x2  
  45  5:30  SCV  
  45  5:32  Barracks  
  45  5:33  Barracks, SCV, Engineering Bay  
  43  5:35  Engineering Bay  
  43  5:37  Refinery  
  43  5:38  Refinery  
  44  5:42  SCV  
  44  5:45  SCV  
  45  5:54  Starport Reactor  
  45  5:55  SCV  
  46  5:57  SCV  
  46  5:59  Factory Tech Lab  
  46  6:02  Stimpack, Marauder  
  49  6:07  SCV  
  49  6:09  SCV, Terran Infantry Armor Level 1, Terran Infantry Weapons Level 1  
  51  6:18  Marine  
  51  6:19  Marine x3  
  51  6:22  Barracks Tech Lab  
  51  6:23  Barracks Tech Lab  
  51  6:25  Orbital Command  
  55  6:26  SCV x2  
  57  6:34  Marauder  
  57  6:35  Siege Tank  
  57  6:36  Medivac x2  
  63  6:47  Marine x4, Marauder x2  
  67  6:54  SCV x2  
  67  7:00  Marauder  
  68  7:01  SCV  
  68  7:06  SCV  
  71  7:08  Marauder  
  71  7:11  Marine x2, Marauder  
  72  7:17  Orbital Command  
  72  7:20  Marine x2  
  72  7:21  Medivac  
  76  7:28  Supply Depot  
  76  7:29  Supply Depot x2  
  76  7:30  Marauder, Medivac, Siege Tank, Supply Depot  
  76  7:35  Marine x2, Marauder x2  
  89  7:37  SCV  
  90  7:49  Marine x2  
  92  7:52  Marauder  
  92  7:54  SCV x3  
  92  7:57  Marauder  
  97  8:00  Armory  
  97  8:06  Marine, SCV, Marauder  
  101  8:13  Marauder  
  101  8:18  Marine x2, Marauder  
  107  8:22  Marine  
  107  8:24  Marine, SCV  
  107  8:25  SCV x2  
  112  8:28  Marauder  
Tags
 
Add a new tag
Caveats
  • Supply blocks, unpowered buildings, or Contaminate may cause inaccurate times.
  • Supply counts are checked every 10 seconds.